 Dungeon Crawl Stone Soup version 0.25-a0-661-g55ea3d2 (webtiles) character file.

Game seed: 16195288027000623578, levelgen mode: deterministic

2830 MrTaco21 the Basher (level 9, -5/51 HPs)
             Began as a Gargoyle Fighter on Mar 23, 2020.
             Killed by divine providence
             ... invoked by an orc priest
              (12 damage)
             ... on level 7 of the Dungeon.
             The game lasted 00:12:01 (6375 turns).

MrTaco21 the Basher (Gargoyle Fighter)              Turns: 6375, Time: 00:12:01

Health: -5/51      AC: 21    Str: 22    XL:     9   Next: 73%
Magic:  9/9        EV:  7    Int: 10    God:
Gold:   332        SH: 10    Dex:  9    Spells: 8/8 levels left

rFire    x . .     SeeInvis .   i - +4 mace
rCold    + + +     Gourm    .   H - +0 kite shield
rNeg     + + .     Faith    .   p - +0 ice dragon scales
rPois    ∞         Spirit   .   t - +2 hat
rElec    +         Reflect  .   g - +2 cloak
rCorr    .         Harm     .   (no gloves)
MR       .....                  (no boots)
Stlth    ..........             (no amulet)
HPRegen  0.17/turn              z - ring of positive energy
MPRegen  0.11/turn              o - ring of protection from cold

@: no status effects
A: negative energy resistance 1, electricity resistance, unbreathing,
petrification resistance, rot immunity, AC +6
a: no special abilities


You were on level 7 of the Dungeon.
You were not hungry.

You visited 1 branch of the dungeon, and saw 7 of its levels.

You collected 332 gold pieces.

Inventory:

Hand Weapons
 i - a +4 mace (weapon)
   (You found it on level 2 of the Dungeon)
Missiles
 B - a throwing net {!f}
 K - 16 poisoned darts (quivered)
Armour
 f - a +0 plate armour
   (You found it on level 1 of the Dungeon)
 g - a +2 cloak (worn)
   (You took it off Crazy Yiuf on level 5 of the Dungeon)
 p - +0 ice dragon scales (worn)
   (You found it on level 4 of the Dungeon)
 t - a +2 hat (worn)
   (You found it on level 3 of the Dungeon)
 H - a +0 kite shield (worn)
Jewellery
 l - an uncursed ring of flight
   (You found it on level 1 of the Dungeon)
 o - a ring of protection from cold (right hand)
   (You found it on level 4 of the Dungeon)
 s - an uncursed amulet of harm
   (You found it on level 2 of the Dungeon)
 z - a ring of positive energy (left hand)
   (You found it on level 4 of the Dungeon)
Wands
 c - a wand of disintegration (18)
   (You found it on level 6 of the Dungeon)
 d - a wand of iceblast (5)
   (You found it on level 5 of the Dungeon)
 j - a wand of polymorph (10)
   (You found it on level 3 of the Dungeon)
 u - a wand of paralysis (8)
   (You found it on level 5 of the Dungeon)
Scrolls
 a - 3 scrolls of teleportation {unknown}
 h - 6 scrolls of remove curse {@r2}
 k - a scroll of blinking {unknown}
 w - a scroll of enchant weapon {unknown}
 x - 3 scrolls of amnesia {unknown}
 y - a scroll of random uselessness {unknown}
 C - a scroll of enchant armour {unknown}
 E - a scroll of silence {unknown}
 F - 2 scrolls of identify {@r1}
Potions
 b - 2 potions of berserk rage {unknown}
 m - a potion of haste {unknown}
 n - 2 potions of cancellation {unknown}
 q - a potion of mutation {unknown}
 r - 2 potions of resistance {unknown}
 v - 2 potions of degeneration {unknown}
 A - 3 potions of curing {unknown}
 D - 4 potions of heal wounds {unknown}
 G - 3 potions of might
 I - a potion of invisibility {unknown}
 L - a potion of flight {unknown}
Comestibles
 e - 12 rations {!d}
 J - 4 chunks of flesh


   Skills:
 - Level 3.2 Fighting
 + Level 12.3 Maces & Flails
 - Level 3.2 Armour
 + Level 5.4 Shields


You had 8 spell levels left.
You didn't know any spells.
Your spell library contained the following spells:

 Spells                   Type           Power        Failure   Level  Hunger
 Shock                    Conj/Air       #...         99%         1    ##.....
 Swiftness                Chrm/Air       #.......     99%         2    ###....
 Static Discharge         Conj/Air       #.......     100%        3    ####...
 Airstrike                Air            #.........   100%        4    #####..
 Lightning Bolt           Conj/Air       #.........   100%        5    ######.


Dungeon Overview and Level Annotations

Branches:
Dungeon (7/15)
 Temple: D:4-7

Altars:
Cheibriados
Makhleb
Nemelex Xobeh
Okawaru
Trog

Shops:
D:6 }


Innate Abilities, Weirdness & Mutations

You are resistant to torment.
Your stone body is resilient. (AC +6)
You are immune to poison.
You resist negative energy. (rN+)
You are resistant to electric shocks. (rElec)
You can survive without breathing.
You are immune to petrification.
You are immune to rotting.


Message History

The centaur shoots an arrow.
The arrow hits you but does no damage.
You sock the orc!
You kill the orc!
The centaur shoots an arrow.
You block the arrow.
The centaur shoots an arrow.
The arrow closely misses you.
You hit the phantom.
The centaur shoots an arrow.
You block the arrow.
The phantom hits you but does no damage.
You miss the phantom.
The centaur shoots an arrow.
You block the arrow.
An orc priest comes into view. It is wielding a +0 club.
The phantom completely misses you.
The centaur shoots an arrow.
The arrow hits you but does no damage.
You closely miss the phantom.
The orc priest shouts!
The centaur shoots an arrow.
You block the arrow. The phantom closely misses you.
Your ice dragon scales prevents you from hitting the phantom.
The centaur shoots an arrow.
The arrow hits you.
The orc priest invokes the aid of Beogh against you.
Beogh smites you!
You completely miss the phantom.
The phantom blinks!
The centaur shoots an arrow.
The arrow barely misses you.
The orc priest mumbles some strange prayers to Beogh against you.
Beogh smites you!
* * * LOW HITPOINT WARNING * * *
You are too injured to fight recklessly!
You are too injured to fight recklessly!
You are too injured to fight recklessly!
You are too injured to fight recklessly!
You are too injured to fight recklessly!
The centaur shoots an arrow.
You block the arrow.
You see here 2 arrows.
The adder zombie closely misses you.
The centaur shoots an arrow.
The arrow barely misses you.
The centaur shoots an arrow.
The arrow hits you.
* * * LOW HITPOINT WARNING * * *
You see here an arrow.
The centaur shoots an arrow.
You block the arrow.
You see here an arrow.
The phantom blinks!
Items here: )) ÷÷ a +0 whip; a cursed -2 dagger; an orc skeleton; a leopard gecko skeleton The orc priest mumbles some strange prayers to Beogh against you.
Pain shoots through your body!
* * * LOW HITPOINT WARNING * * *
The orc priest mumbles some strange prayers to Beogh against you.
Beogh smites you!
* * * LOW HITPOINT WARNING * * *
The orc priest calls down the wrath of Beogh upon you.
Beogh smites you!
You die... #.## #.# #o#........ #..###.### #(#######.. #.....o.## #(..# #Wl

#..##.#..# ###)# ###
##.##.##.#####.## ###
########
#.##.##....##..## ###
.......#
#..#.#####o.....###.#
.......# ##.#.#
#####....... .......#
#.#@# ##.###..
......÷#######...######
###....
.....<..................
#.##÷..
.......########..#######
##......
.......#########.#
#∩_.....
#####<...........#######
##......
#########..........#
#..#### #..........#
#### #..........#


You could see an orc priest.

Vanquished Creatures
  Grinder (D:5)
  A hippogriff (D:7)
  A necrophage (D:5)
  6 ogres
  2 centaurs (D:5)
  3 bullfrogs (D:6)
  2 scorpions
  3 wights (D:6)
  6 killer bees (D:7)
  3 howler monkeys (D:7)
  A bullfrog zombie (D:5)
  3 crimson imps
  A centaur zombie (D:6)
  5 hounds
  3 orc priests
  Crazy Yiuf (D:5)
  2 bullfrog skeletons (D:6)
  Terence (D:2)
  3 orc wizards
  4 worker ants
  8 adders
  2 shadow imps
  2 oozes (D:3)
  An adder skeleton (D:4)
  4 worms
  2 dart slugs (D:3)
  7 leopard geckos
  17 orcs
  6 giant cockroaches
  7 goblins
  14 hobgoblins
  6 jackals
  2 quokkas
  A ball python (D:1)
  6 bats
  5 frilled lizards
  A jackal skeleton (D:7)
  7 kobolds
  A leopard gecko skeleton (D:4)
  6 rats
157 creatures vanquished.

Notes
Turn   | Place    | Note
-------+----------+-------------------------------------------
     0 | D:1      | MrTaco21 the Gargoyle Fighter began the quest for the Orb.
     0 | D:1      | Reached XP level 1. HP: 14/14 MP: 1/1
   297 | D:1      | Reached XP level 2. HP: 12/19 MP: 2/2
   526 | D:1      | Reached skill level 3 in Maces & Flails
   881 | D:2      | Reached XP level 3. HP: 23/23 MP: 3/3
  1089 | D:2      | Found an iron altar of Okawaru.
  1169 | D:2      | Reached skill level 4 in Maces & Flails
  1346 | D:2      | Reached XP level 4. HP: 28/28 MP: 4/4
  1563 | D:2      | Noticed Terence
  1594 | D:2      | Killed Terence
  1773 | D:3      | Reached skill level 5 in Maces & Flails
  1773 | D:3      | Reached XP level 5. HP: 28/32 MP: 5/5
  2530 | D:4      | Noticed an ogre
  2570 | D:3      | Reached skill level 6 in Maces & Flails
  2844 | D:4      | Reached XP level 6. HP: 33/37 MP: 6/6
  2867 | D:4      | Found a sparkling altar of Nemelex Xobeh.
  2868 | D:4      | Found a bloodstained altar of Trog.
  3111 | D:4      | Reached skill level 7 in Maces & Flails
  3597 | D:4      | Reached XP level 7. HP: 33/41 MP: 7/7
  3713 | D:4      | Reached skill level 8 in Maces & Flails
  3877 | D:5      | Entered Level 5 of the Dungeon
  3911 | D:5      | Reached skill level 9 in Maces & Flails
  3918 | D:5      | Reached XP level 8. HP: 36/46 MP: 8/8
  4077 | D:5      | Noticed Grinder
  4087 | D:5      | Paralysed by Grinder for 2 turns
  4098 | D:5      | Paralysed by Grinder for 3 turns
  4110 | D:5      | Killed Grinder
  4256 | D:5      | Reached skill level 10 in Maces & Flails
  4844 | D:5      | Found a runed translucent door.
  4845 | D:5      | Noticed Crazy Yiuf
  5090 | D:5      | Killed Crazy Yiuf
  5173 | D:6      | Reached skill level 11 in Maces & Flails
  5255 | D:6      | Reached XP level 9. HP: 51/51 MP: 9/9
  5463 | D:6      | Found Febamaeth's Gadget Shoppe.
  6088 | D:7      | Reached skill level 12 in Maces & Flails
  6146 | D:7      | Found a snail-covered altar of Cheibriados.
  6148 | D:7      | Found a burning altar of Makhleb.
  6213 | D:7      | Reached skill level 5 in Shields
  6375 | D:7      | Killed from afar by an orc priest

Levels and vault maps discovered:
D:1:      wheals_arrival_linesprint, layout_basic
D:2:      layout_basic, nicolae_overflow_crystal_walls,
          kennysheep_cluttered_room, uniq_terence
D:3:      layout_basic, first_ration
D:4:      layout_basic, gammafunk_temple_overflow_pools
D:5:      layout_gridville, uniq_crazy_yiuf_cottage, uniq_grinder
D:6:      layout_cave_pods, serial_shops, shop
D:7:      layout_rooms, slow_altar_1, makhleb_heckhound_becter,
          minmay_temple_entry_fiery

Skill      XL: |  1  2  3  4  5  6  7  8  9 |
---------------+----------------------------+-----
Maces & Flails | 3 4 5 6 7 9 11 12 | 12.3
Shields        | 5 |  5.4
Fighting       | |  3.2
Armour         | |  3.2

Action                   |  1- 3 |  4- 6 |  7- 9 || total
-------------------------+-------+-------+-------++-------
Melee: Flail             |   166 |    38 |       ||   204
       Mace              |       |   171 |   362 ||   533
Throw: Throwing net      |       |       |     1 ||     1
  Use: Scroll            |       |     2 |       ||     2
 Stab: Held in net/web   |       |       |     1 ||     1
  Eat: Chunk             |     2 |     7 |    10 ||    19
Armor: Chain mail        |   121 |    20 |       ||   141
       Scale mail        |     2 |    86 |       ||    88
       Ice dragon scales |       |     1 |   201 ||   202
Dodge: Dodged            |    34 |    60 |   115 ||   209
Block: Kite shield       |    94 |    89 |   159 ||   342

Table legend:
 A = Non-vault XP
 B = Vault XP
 C = Vault XP percentage of total XP
 D = Non-vault monster count
 E = Vault monster count
 F = Vault count percentage of total count
                 A         B        C        D         E       F
            +---------+---------+-------+---------+---------+-------
      Total |    3654 |     389 |   9.6 |     153 |       4 |   2.5
            +---------+---------+-------+---------+---------+-------
        D:1 |      33 |       0 |   0.0 |      18 |       0 |   0.0
        D:2 |      58 |      38 |  39.6 |      23 |       1 |   4.2
        D:3 |     189 |       0 |   0.0 |      33 |       0 |   0.0
        D:4 |     602 |       0 |   0.0 |      18 |       0 |   0.0
        D:5 |    1000 |     309 |  23.6 |      24 |       2 |   7.7
        D:6 |     801 |       0 |   0.0 |      15 |       0 |   0.0
        D:7 |     971 |      42 |   4.1 |      22 |       1 |   4.3
            +---------+---------+-------+---------+---------+-------
